 Dungeon Crawl Stone Soup version 0.23-a0-710-gaad00d04af (webtiles) character file.

342796 D1HalberdGnoll the Warrior (level 22, -7/159 HPs)
             Began as a Gnoll Wanderer on Jan 15, 2019.
             Was the Champion of Ru.
             Mangled by an ettin
             ... wielding a +1 dire flail of crushing
              (26 damage)
             ... on level 2 of the Depths.
             The game lasted 01:33:16 (52925 turns).

D1HalberdGnoll the Warrior (Gnoll Wanderer)        Turns: 52925, Time: 01:33:16

Health: -7/159     AC: 17    Str: 22    XL:     22   Next: 4%
Magic:  0/45       EV: 18    Int: 16    God:    Ru [******]
Gold:   4021       SH: 11    Dex: 19    Spells: 44/49 levels left

rFire    + . .     SeeInvis .   a - +3 demon blade (elec)
rCold    . . .     Gourm    .   J - +3 buckler {reflect}
rNeg     . . .     Faith    .   y - +4 moon troll leather armour {Spirit, Regen++ MP+5}
rPois    .         Spirit   +   X - +2 hat
rElec    +         Reflect  +   p - scarf {Spirit}
rCorr    .         Harm     .   T - +2 pair of gloves
MR       +....                  A - +0 pair of boots
Stlth    ++++++....             S - amulet of regeneration
HPRegen  1.56/turn              C - ring of protection from fire
MPRegen  0.29/turn              N - ring "Xobet" {+Blink rElec Int+3 Slay+3 Stlth+}

@: exhausted, horrified, drained
A: distributed training, fangs 1, frail 1, hated by all, cowardly, no
conjurations magic, no earth magic, no necromancy magic, reduced EV 1, strong
nose
}: 2/15 runes: decaying, gossamer
a: Draw Out Power, Power Leap, Apocalypse, Renounce Religion, Evoke Blink


You were on level 2 of the Depths.
You worshipped Ru.
Ru was exalted by your worship.
You were not hungry.

You visited 7 branches of the dungeon, and saw 36 of its levels.
You visited the Abyss 2 times.
You also visited: Wizlab.

You collected 4021 gold pieces.

Inventory:

Hand Weapons
 a - a +3 demon blade of electrocution (weapon)
 b - a +3 hand crossbow
Missiles
 k - 927 bolts
Armour
 p - a scarf of spirit shield (worn)
 r - the +4 faerie dragon scales {rElec rCorr MP+1 Dex+2 Stlth+}
   (You took it off the Enchantress on level 15 of the Dungeon)

   It affects your dexterity (+2).
   It insulates you from electricity.
   It affects your magic capacity (+1).
   It provides partial protection from all sources of acid and corrosion.
   It makes you more stealthy.
 y - the +4 moon troll leather armour (worn) {Spirit, Regen++ MP+5}
   (You found it on level 14 of the Dungeon)

   It affects your magic capacity (+5).
   It increases your rate of regeneration.
 A - a +0 pair of boots (worn)
 J - a +3 buckler of reflection (worn)
 T - a +2 pair of gloves (worn)
 W - a +1 buckler of reflection
 X - a +2 hat (worn)
Jewellery
 h - an uncursed ring of resist corrosion {unknown}
 C - a ring of protection from fire (left hand)
 N - the ring "Xobet" (right hand) {+Blink rElec Int+3 Slay+3 Stlth+}
   (You found it on level 2 of the Lair of Beasts)

   [ring of intelligence]

   It affects your intelligence (+3).
   It affects your accuracy and damage with ranged weapons and melee attacks
   (+3).
   It insulates you from electricity.
   It lets you blink.
   It makes you more stealthy.
 S - an amulet of regeneration (around neck)
 Y - the ring "Zueddibbi" {rElec MR- MP+9 Str+7 SInv}
   (You took it off a deep elf sorcerer on level 2 of the Depths)

   [ring of magical power]

   It affects your strength (+7).
   It insulates you from electricity.
   It affects your resistance to hostile enchantments.
   It affects your magic capacity (+9).
   It lets you see invisible.
Wands
 m - a wand of random effects (31)
 w - a wand of digging (3)
 x - a wand of flame (40)
 B - a wand of polymorph (13)
 H - a wand of iceblast (33)
 K - a wand of acid (10)
 V - a wand of paralysis (10)
Scrolls
 c - a scroll of teleportation
 e - 3 scrolls of blinking
 i - 20 scrolls of remove curse
 j - 4 scrolls of fear
 l - 6 scrolls of fog
 D - 7 scrolls of magic mapping
 E - 4 scrolls of amnesia
 L - 4 scrolls of enchant armour
 O - a scroll of identify
 Q - a scroll of holy word
Potions
 d - 4 potions of agility
 g - 2 potions of berserk rage
 n - 11 potions of mutation
 o - 6 potions of flight
 q - 5 potions of haste
 s - a potion of resistance
 t - 10 potions of curing
 u - 7 potions of magic
 v - 5 potions of lignification
 z - 4 potions of invisibility
 F - 2 potions of brilliance
 G - 8 potions of ambrosia
 I - 3 potions of cancellation
 M - a potion of heal wounds
 P - 2 potions of might
Miscellaneous
 R - a lamp of fire (inert)
 U - a phantom mirror
Comestibles
 f - 47 rations
 Z - 5 chunks of flesh


   Skills:
 + Level 15.9(14.5) Fighting
 + Level 14.1(12.8) Short Blades
 + Level 14.1(12.8) Long Blades
 + Level 14.1(12.8) Axes
 + Level 14.1(12.8) Maces & Flails
 + Level 14.1(12.8) Polearms
 + Level 14.1(12.8) Staves
 + Level 14.1(12.8) Slings
 + Level 14.1(12.8) Bows
 + Level 14.7(13.3) Crossbows
 + Level 14.3(13.0) Throwing
 + Level 14.7(13.3) Armour
 + Level 14.1(12.8) Dodging
 + Level 14.1(12.8) Stealth
 + Level 14.1(12.8) Shields
 + Level 14.1(12.8) Unarmed Combat
 + Level 14.1(12.8) Spellcasting
   Level 0.0 Conjurations
 + Level 12.1(10.9) Hexes
 + Level 12.1(10.9) Charms
 + Level 12.1(10.9) Summonings
   Level 0.0 Necromancy
 + Level 12.1(10.9) Translocations
 + Level 12.1(10.9) Transmutations
 + Level 12.1(10.9) Fire Magic
 + Level 12.1(10.9) Ice Magic
 + Level 12.1(10.9) Air Magic
   Level 0.0 Earth Magic
 + Level 12.1(10.9) Poison Magic
 + Level 15.2(13.8) Invocations
 + Level 14.3(13.0) Evocations


You had 44 spell levels left.
You knew the following spells:

 Your Spells              Type           Power        Failure   Level  Hunger
a - Tukima's Dance        Hex            ####....     1%          3    None
b - Blink                 Tloc           N/A          1%          2    None

Your spell library contained the following spells:

 Spells                   Type           Power        Failure   Level  Hunger
 Apportation              Tloc           ####..       1%          1    None
 Beastly Appendage        Tmut           ####..       1%          1    None
 Confusing Touch          Hex            ####..       1%          1    None
 Corona                   Hex            ####...      1%          1    None
 Ensorcelled Hibernation  Hex/Ice        ####..       1%          2    None
 Slow                     Hex            ####....     1%          2    None
 Confuse                  Hex            ####....     1%          3    None
 Ignite Poison            Fire/Tmut/Pois ####....     1%          3    None
 Spider Form              Tmut/Pois      ####......   1%          3    None
 Ice Form                 Ice/Tmut       ####....     1%          4    ##.....
 Blade Hands              Tmut           ####......   2%          5    ####...
 Ring of Flames           Chrm/Fire      ####......   58%         7    #######
 Ignition                 Fire           ####......   99%         8    #######
 Summon Small Mammal      Summ           Unusable     N/A         1    N/A
 Call Imp                 Summ           Unusable     N/A         2    N/A
 Passwall                 Tmut/Erth      Unusable     N/A         2    N/A
 Sticks to Snakes         Tmut           Unusable     N/A         2    N/A
 Mephitic Cloud           Conj/Pois/Air  Unusable     N/A         3    N/A
 Conjure Flame            Conj/Fire      Unusable     N/A         3    N/A
 Dazzling Spray           Conj/Hex       Unusable     N/A         3    N/A
 Animate Skeleton         Necr           Unusable     N/A         1    N/A
 Magic Dart               Conj           Unusable     N/A         1    N/A
 Sandblast                Erth           Unusable     N/A         1    N/A
 Force Lance              Conj/Tloc      Unusable     N/A         4    N/A
 Fulminant Prism          Conj/Hex       Unusable     N/A         4    N/A
 Petrify                  Tmut/Erth      Unusable     N/A         4    N/A
 Searing Ray              Conj           Unusable     N/A         2    N/A
 Stone Arrow              Conj/Erth      Unusable     N/A         3    N/A
 Fireball                 Conj/Fire      Unusable     N/A         5    N/A
 Iskenderun's Mystic Bla  Conj           Unusable     N/A         4    N/A
 Malign Gateway           Summ/Tloc      Unusable     N/A         7    N/A
 Monstrous Menagerie      Summ           Unusable     N/A         7    N/A
 Summon Greater Demon     Summ           Unusable     N/A         7    N/A
 Bolt of Fire             Conj/Fire      Unusable     N/A         6    N/A
 Lee's Rapid Deconstruct  Erth           Unusable     N/A         5    N/A
 Summon Horrible Things   Summ           Unusable     N/A         8    N/A

Dungeon Overview and Level Annotations

Branches:
Dungeon (15/15)            Temple (1/1) D:4            Lair (6/6) D:8
  Swamp (4/4) Lair:2       Spider (4/4) Lair:3        Slime (0/5) Lair:6
    Orc (0/2) D:11         Vaults (4/5) D:14          Crypt (0/3) Vaults:3
 Depths (2/5) D:15

Altars:
Ashenzari
Cheibriados
Dithmenos
Elyvilon
Fedhas
Gozag
Hepliaklqana
Kikubaaqudgha
Makhleb
Nemelex Xobeh
Okawaru
Qazlal
Ru
Sif Muna
Trog
Uskayaw
Vehumet
Wu Jian
Xom
Yredelemnul
Zin
The Shining One
Jiyva
Lugonu

Shops:
D:9 :   D:10 }   D:12 *   D:14 *   Vaults:1 *   Vaults:3 =   Vaults:4 *
Depths:1 (=%

Portals:
Hell: Lair:6 Depths:1 Depths:2
Pandemonium: Depths:1

Annotations:
D:3 exclusion: downstairs
Lair:3 1 runed door, smajdalf's ghost, journeyman TeAE
Lair:4 3 runed doors, Xupack's ghost, journeyman FoFi
Lair:6 exclusion: 2 doors
Swamp:3 exclusion: downstairs


Innate Abilities, Weirdness & Mutations

Your experience applies equally to all skills.
You have very sharp teeth.
You are frail. (-10% HP)
You are hated by all.
Your cowardice makes you less effective in combat with threatening monsters.
You cannot study or cast Conjurations magic.
You cannot study or cast Earth magic.
You cannot study or cast Necromancy magic.
You have somewhat slow reflexes. (EV -5)
Your uncanny sense of smell can sniff out nearby items.


Message History

You hit the ettin.
The ettin is lightly wounded.
The ettin closely misses you.
The ettin hits you with a +0 dire flail!!!
* * * LOW HITPOINT WARNING * * *
You feel a twist of horror at the sight of this foe.
You barely miss the ettin.
The ettin is lightly wounded.
The centaur warrior is stunned by your will and fails to attack.
You hit the ettin. Lightning courses through the ettin!
You bite the ettin, but do no damage.
The ettin is moderately wounded.
You block the ettin's attack. x2
You slash the ettin! Lightning courses through the ettin!
The ettin is heavily wounded.
The ettin hits you with a +1 dire flail of crushing!!!
* * * LOW HITPOINT WARNING * * *
x2 You focus your will and paralyse the ettin in retribution!
The ettin hits you with a +0 dire flail!!
You die...

. #. #. ## #. .########## #.
##.##...)....
#.##.##.############# ∆
∆#∩.cC..#.........#... .#
#.##C############.##. .# ..
#@# ##...(.(.##.. .# #.
#)####.##########. # .# .(
##...###.....(##... ..# .##
####..#.# ####..#####. #..#
#.###...[#..# ###.####....
#..#.#.[.#.#[†## #.....#####.
#....###...## #.###.#.....
#..###.#####)#####.......###[
#..#
#.D##.......##..##.######


You could see 2 ettins and a centaur warrior.

Vanquished Creatures
  Sojobo (D:15)
  the Enchantress (D:15)
  Arachne (Spider:3)
  A lich (Depths:2)
  Jorgrun (Spider:2)
  Asterion (Depths:1)
  A tentacled starspawn (Abyss:3)
  A storm dragon (Depths:2)
  3 sphinxes
  Kirke (Spider:2)
  3 tengu reavers
  6 fire giants
  5 frost giants
  5 emperor scorpions
  An iron dragon (Depths:2)
  4 vault wardens
  3 deep elf sorcerers
  A balrug (Depths:1)
  3 ghost moths
  4 very ugly things
  6 ironheart preservers
  4 entropy weavers
  3 spriggan defenders (D:15)
  5 stone giants
  A war gargoyle (Vaults:4)
  A vampire knight (Depths:2)
  2 deep elf demonologists
  A dire elephant (Lair:6)
  A deep elf annihilator (Vaults:1)
  Azrael (D:13)
  3 spark wasps
  4 ettins
  Snorg (Lair:5)
  A blizzard demon (Abyss:2)
  4 fire dragons
  7 vault guards
  5 yaktaur captains
  Josephine (D:10)
  22 hydras
  Harold (D:10)
  3 ice dragons
  6 rakshasas
  7 great orbs of eyes
  Erica (D:10)
  3 shambling mangroves
  4 spriggan air magi
  3 ghost crabs (Swamp:3)
  2 catoblepae
  15 ogre magi
  11 alligators
  46 two-headed ogres
  3 tengu warriors
  4 death knights
  12 centaur warriors
  4 death yaks (Lair:3)
  3 thrashing horrors (Abyss:3)
  A vampire mage (Depths:2)
  A titan zombie (Vaults:4)
  3 spriggan berserkers
  2 deep troll earth magi
  2 wretched stars
  3 sun demons
  5 deep elf knights
  4 skeletal warriors
  2 shadow wraiths
  3 hell knights (Depths:1)
  A sixfirhy (Abyss:3)
  6 glowing orange brains
  5 deep trolls
  2 unseen horrors
  9 starcursed masses (Abyss:3)
  2 flayed ghosts
  9 swamp dragons
  A shadow demon (Abyss:3)
  A spatial maelstrom (Abyss:3)
  2 spriggan druids
  12 deep elf archers
  4 wizards
  Pikel (D:3)
  A lindwurm (shapeshifter) (Vaults:3)
  5 necromancers
  14 ironbrand convokers
  10 orc knights
  3 large abominations (Abyss:3)
  A phantasmal warrior (Vaults:1)
  3 harpies (Vaults:2)
  An orb spider (shapeshifter) (Vaults:3)
  18 orb spiders
  25 wolf spiders
  9 deep elf magi
  67 ugly things
  4 cyclopes
  An elephant (Lair:6)
  3 moths of wrath
  2 manticores
  4 black mambas
  3 centaur zombies
  13 vault sentinels
  An eye of devastation (shapeshifter) (D:15)
  19 spiny frogs
  2 smoke demons
  A storm dragon simulacrum (Vaults:4)
  An orange demon (Lair:6)
  3 centaur skeletons (D:14)
  28 yaktaurs
  A yaktaur (shapeshifter) (Vaults:3)
  A komodo dragon (shapeshifter) (D:15)
  2 kobold demonologists (D:14)
  7 freezing wraiths
  6 komodo dragons
  10 rime drakes
  8 demonic crawlers
  3 ice devils (Lair:6)
  2 tengu conjurers
  A hellwing (Abyss:3)
  An ancient zyme (Abyss:3)
  A red devil (Lair:6)
  6 tyrant leeches
  24 hornets
  A jumping spider (shapeshifter) (Vaults:4)
  2 polar bears (D:14)
  A shadow dragon simulacrum (Vaults:4)
  25 jumping spiders
  7 dream sheep
  19 hippogriffs
  A meliai zombie (D:13)
  25 slime creatures
  10 bog bodies
  5 blink frogs
  A frost giant simulacrum (Vaults:4)
  An alligator zombie (Abyss:3)
  10 spriggans
  3 shadows
  7 wraiths
  A water elemental (Depths:1)
  22 tarantellas
  A dancing weapon (Vaults:4)
  10 wyverns
  48 redbacks
  43 yaks
  A ynoxinul (Abyss:3)
  Eustachio (D:6)
  12 humans
  3 fire elementals (D:13)
  2 hungry ghosts
  A chaos spawn (Abyss:3)
  7 basilisks (Lair:5)
  2 human simulacra (Vaults:3)
  A steam dragon (D:10)
  A neqoxec (Abyss:3)
  28 vampire mosquitoes
  17 insubstantial wisps
  3 wargs
  3 soldier ants
  15 swamp worms
  6 hell hounds
  5 porcupines
  Edmund (D:4)
  7 acid dragons
  Duvessa (D:4)
  13 water moccasins
  12 swamp drakes
  2 ice beasts
  17 orc warriors
  5 sky beasts
  A black bear (shapeshifter) (D:15)
  An ogre (shapeshifter) (Vaults:3)
  A phantom (D:8)
  4 boggarts
  31 ogres
  22 centaurs
  22 wolves
  13 crocodiles
  19 bullfrogs
  2 big kobolds
  A gnoll sergeant (D:9)
  Dowan (D:4)
  A wyvern zombie (D:13)
  A wyvern skeleton (D:10)
  21 killer bees
  5 scorpions
  4 small abominations
  An elf simulacrum (Vaults:4)
  7 wights (D:6)
  A howler monkey (D:4)
  6 electric eels
  13 crimson imps
  5 bullfrog zombies
  5 jellies
  A bullfrog skeleton (D:10)
  8 hounds
  5 orc priests
  Jessica (D:2)
  A gnoll shaman (D:8)
  Terence (D:2)
  5 iguanas
  13 orc wizards
  13 worker ants
  2 hound skeletons
  A worker ant zombie (D:6)
  A howler monkey skeleton (D:6)
  6 gnolls
  12 adders
  8 shadow imps
  2 oozes
  An adder zombie (D:6)
  2 worms (D:3)
  A dart slug (D:1)
  2 leopard geckos (D:1)
  40 orcs
  3 giant cockroaches
  7 goblins
  6 hobgoblins
  9 jackals
  11 kobolds
  3 quokkas
  16 bats
  5 frilled lizards
  A leopard gecko zombie (D:6)
  A quokka skeleton (D:6)
  A quokka zombie (D:8)
  3 rats
  2 bushes (Lair:5)
  2 fungi (Lair:5)
  A plant (Lair:5)
1438 creatures vanquished.

Vanquished Creatures (collateral kills)
  An ogre (D:7)
1 creature vanquished.

Vanquished Creatures (others)
  2 tengu reavers
  3 ettins
  A fire dragon (Vaults:2)
  3 yaktaur captains
  A rakshasa (Depths:2)
  A hydra (Swamp:4)
  A two-headed ogre (D:15)
  A centaur warrior (Vaults:1)
  An alligator (Swamp:3)
  A deep troll shaman (Depths:2)
  A spriggan druid (Swamp:4)
  An orc knight (Vaults:2)
  5 wolf spiders
  A vault sentinel (Vaults:4)
  3 spiny frogs
  4 yaktaurs
  A komodo dragon (Lair:5)
  A harpy zombie (Abyss:3)
  A hornet (Vaults:3)
  A jumping spider (Spider:4)
  6 redbacks
  3 tarantellas
  A human (D:14)
  A vampire mosquito (D:14)
  A basilisk (Lair:5)
  A dancing weapon (D:8)
  An orc warrior (D:15)
  2 ogres
  2 crocodiles
  7 centaurs
  2 orcs
  6 fungi
  11 plants (Lair:1)
  2 starspawn tentacles (Abyss:3)
80 creatures vanquished.

Grand Total: 1519 creatures vanquished

Notes
Turn   | Place    | Note
-------+----------+-------------------------------------------
     0 | D:1      | D1HalberdGnoll the Gnoll Wanderer began the quest for the
                  | Orb.
     0 | D:1      | D1HalberdGnoll set off with the following items: a +2 hand
                  | crossbow, 25 bolts, a potion of curing, a +0 ring mail, a
                  | ration
     0 | D:1      | Reached XP level 1. HP: 26/26 MP: 2/2
    88 | D:1      | Reached XP level 2. HP: 25/33 MP: 3/3
   293 | D:1      | Reached XP level 3. HP: 33/38 MP: 4/4
   631 | D:2      | Reached skill level 1 in Invocations
   888 | D:2      | Reached skill level 1 in Short Blades
   888 | D:2      | Reached skill level 1 in Long Blades
   888 | D:2      | Reached skill level 1 in Axes
   888 | D:2      | Reached skill level 1 in Maces & Flails
   888 | D:2      | Reached skill level 1 in Polearms
   888 | D:2      | Reached skill level 1 in Staves
   888 | D:2      | Reached skill level 1 in Slings
   888 | D:2      | Reached skill level 1 in Bows
   888 | D:2      | Reached skill level 1 in Dodging
   888 | D:2      | Reached skill level 1 in Stealth
   888 | D:2      | Reached skill level 1 in Shields
   888 | D:2      | Reached skill level 1 in Unarmed Combat
   888 | D:2      | Reached skill level 1 in Spellcasting
   888 | D:2      | Reached XP level 4. HP: 41/45 MP: 4/6
   889 | D:2      | You fall through a shaft!
   921 | D:3      | Found a faded altar of an unknown god.
   975 | D:3      | Became a worshipper of Ru the Awakened
   986 | D:3      | Gained mutation: You cannot study or cast Earth magic. [Ru
                  | sacrifice]
   986 | D:3      | Gained mutation: You cannot study or cast Necromancy magic.
                  | [Ru sacrifice]
   986 | D:3      | Gained mutation: You cannot study or cast Conjurations
                  | magic. [Ru sacrifice]
   986 | D:3      | Reached * piety under Ru
  1479 | D:3      | Found a white marble altar of Elyvilon.
  1582 | D:2      | Noticed Terence
  1591 | D:2      | Killed Terence
  1591 | D:2      | Reached skill level 1 in Hexes
  1591 | D:2      | Reached skill level 1 in Charms
  1591 | D:2      | Reached skill level 1 in Summonings
  1591 | D:2      | Reached skill level 1 in Translocations
  1591 | D:2      | Reached skill level 1 in Transmutations
  1591 | D:2      | Reached skill level 1 in Fire Magic
  1591 | D:2      | Reached skill level 1 in Ice Magic
  1591 | D:2      | Reached skill level 1 in Air Magic
  1591 | D:2      | Reached skill level 1 in Poison Magic
  1675 | D:2      | Noticed Jessica
  1680 | D:2      | Killed Jessica
  1680 | D:2      | Reached XP level 5. HP: 51/51 MP: 7/7
  2333 | D:4      | Noticed Dowan
  2335 | D:4      | Noticed Duvessa
  2378 | D:4      | Noticed Pikel
  2378 | D:4      | Noticed a slave
  2378 | D:4      | Noticed a slave
  2378 | D:4      | Noticed a slave
  2378 | D:4      | Noticed a slave
  2378 | D:4      | Noticed Edmund
  2391 | D:3      | Reached XP level 6. HP: 48/57 MP: 8/8
  2408 | D:3      | Killed Pikel
  2408 | D:3      | Reached skill level 5 in Crossbows
  2408 | D:3      | Reached skill level 5 in Armour
  2408 | D:3      | Reached XP level 7. HP: 47/63 MP: 8/10
  2548 | D:4      | Killed Edmund
  2634 | D:4      | Killed Duvessa
  2634 | D:4      | Reached XP level 8. HP: 71/71 MP: 12/12
  2636 | D:4      | Killed Dowan
  2859 | D:4      | Found a stormy altar of Qazlal.
  2859 | D:4      | Found a blossoming altar of Fedhas.
  2879 | D:4      | Found a snail-covered altar of Cheibriados.
  2947 | D:4      | Found a staircase to the Ecumenical Temple.
  2971 | Temple   | Entered the Ecumenical Temple
  3290 | D:4      | Gained mutation: Your cowardice makes you less effective in
                  | combat with threatening monsters. [Ru sacrifice]
  3290 | D:4      | Reached ** piety under Ru
  3318 | D:4      | Found a glowing golden altar of the Shining One.
  3452 | D:4      | Found a bloodstained altar of Trog.
  3455 | D:4      | Found a burning altar of Makhleb.
  3457 | D:4      | Found a sacrificial altar of Ru.
  3630 | D:5      | Entered Level 5 of the Dungeon
  4331 | D:6      | Noticed Eustachio
  4474 | D:6      | Reached XP level 9. HP: 76/76 MP: 14/14
  4679 | D:6      | Killed Eustachio
  4911 | D:6      | Reached skill level 5 in Throwing
  4911 | D:6      | Reached skill level 5 in Evocations
  4926 | D:6      | Gained mutation: You have somewhat slow reflexes. (EV -5)
                  | [Ru sacrifice]
  4926 | D:6      | Reached *** piety under Ru
  5448 | D:7      | Learned a level 3 spell: Tukima's Dance
  5520 | D:7      | Reached skill level 5 in Invocations
  6661 | D:7      | Reached XP level 10. HP: 74/84 MP: 14/17
  6831 | D:7      | Found an ancient bone altar of Kikubaaqudgha.
  7310 | D:7      | Learned a level 2 spell: Blink
  7363 | D:8      | Reached skill level 5 in Short Blades
  7363 | D:8      | Reached skill level 5 in Long Blades
  7363 | D:8      | Reached skill level 5 in Axes
  7363 | D:8      | Reached skill level 5 in Maces & Flails
  7363 | D:8      | Reached skill level 5 in Polearms
  7363 | D:8      | Reached skill level 5 in Staves
  7363 | D:8      | Reached skill level 5 in Slings
  7363 | D:8      | Reached skill level 5 in Bows
  7363 | D:8      | Reached skill level 5 in Dodging
  7363 | D:8      | Reached skill level 5 in Stealth
  7363 | D:8      | Reached skill level 5 in Shields
  7363 | D:8      | Reached skill level 5 in Unarmed Combat
  7363 | D:8      | Reached skill level 5 in Spellcasting
  7692 | D:8      | Found a staircase to the Lair.
  7742 | D:8      | Reached skill level 10 in Fighting
  8309 | D:8      | Gained mutation: You are frail. (-10% HP) [Ru sacrifice]
  8309 | D:8      | Reached **** piety under Ru
  8309 | D:8      | Reached ***** piety under Ru
  9000 | D:9      | Found Roleog's Book Shop.
  9809 | D:10     | Entered Level 10 of the Dungeon
 10183 | D:10     | Reached XP level 11. HP: 81/81 MP: 19/19
 10385 | D:10     | Gained mutation: You are hated by all. [Ru sacrifice]
 10385 | D:10     | Reached ****** piety under Ru
 10393 | D:10     | Noticed Josephine
 10412 | D:10     | Killed Josephine
 10459 | D:10     | Found Jezaluog's Gadget Boutique.
 10493 | D:10     | Noticed Erica
 10519 | D:10     | Killed Erica
 10519 | D:10     | Reached skill level 5 in Hexes
 10519 | D:10     | Reached skill level 5 in Charms
 10519 | D:10     | Reached skill level 5 in Summonings
 10519 | D:10     | Reached skill level 5 in Translocations
 10519 | D:10     | Reached skill level 5 in Transmutations
 10519 | D:10     | Reached skill level 5 in Fire Magic
 10519 | D:10     | Reached skill level 5 in Ice Magic
 10519 | D:10     | Reached skill level 5 in Air Magic
 10519 | D:10     | Reached skill level 5 in Poison Magic
 10990 | Lair:1   | Entered Level 1 of the Lair of Beasts
 11420 | Lair:1   | Noticed a five-headed hydra
 11959 | Lair:1   | Killed a one-headed hydra
 11962 | Lair:1   | Reached XP level 12. HP: 22/89 MP: 4/22
 13232 | Lair:2   | Found a staircase to the Swamp.
 13519 | Lair:2   | Noticed a catoblepas
 13549 | Lair:2   | Killed a catoblepas
 13655 | Lair:2   | Got a vibrating lead ring
 13656 | Lair:2   | Identified the ring "Xobet" {+Blink rElec Int+3 Slay+3
                  | Stlth+} (You found it on level 2 of the Lair of Beasts)
 14155 | Lair:3   | Noticed a five-headed hydra
 14165 | Lair:3   | Killed a three-headed hydra
 14300 | Lair:3   | Found a hole to the Spider Nest.
 14376 | Lair:3   | Found a runed door.
 14380 | Lair:3   | Identified the +9 spear "Joatromp" {pierce, rF+ rN+}
 14380 | Lair:3   | Noticed a spriggan rider
 14380 | Lair:3   | Noticed a spriggan rider
 14381 | Lair:3   | Noticed smajdalf's ghost (journeyman TeAE)
 14652 | Lair:3   | Noticed a seven-headed hydra
 14664 | Lair:3   | Killed a five-headed hydra
 15386 | Lair:4   | Noticed a death yak
 15392 | Lair:4   | Noticed a death yak
 15395 | Lair:4   | Noticed a death yak
 15423 | Lair:3   | Killed a death yak
 15599 | Lair:4   | Noticed a death yak
 15615 | Lair:3   | Reached XP level 13. HP: 64/95 MP: 17/24
 16162 | Lair:4   | Found a runed gate.
 16164 | Lair:4   | Found a runed gate.
 16166 | Lair:4   | Found a runed gate.
 16759 | Lair:4   | Noticed Xupack's ghost (journeyman FoFi)
 16833 | Lair:4   | Found a viscous altar of Jiyva.
 16837 | Lair:4   | Noticed a death ooze
 17334 | Lair:5   | Noticed Snorg
 17353 | Lair:5   | Killed Snorg
 18137 | Lair:6   | Entered Level 6 of the Lair of Beasts
 18928 | Lair:6   | Reached XP level 14. HP: 88/102 MP: 26/26
 19099 | Lair:6   | Noticed a dire elephant
 19121 | Lair:6   | Killed a dire elephant
 19281 | Lair:6   | Found a burning altar of Makhleb.
 19294 | Lair:6   | Reached skill level 10 in Crossbows
 19294 | Lair:6   | Reached skill level 10 in Armour
 19313 | Lair:6   | Found a gateway to Hell.
 19830 | Lair:6   | Found a staircase to the Slime Pits.
 20181 | D:11     | Found a staircase to the Orcish Mines.
 20291 | D:11     | Noticed Harold
 20311 | D:10     | Killed Harold
 21303 | D:12     | Reached skill level 10 in Invocations
 21397 | D:12     | Found a gate leading to a gauntlet.
 21465 | D:12     | Found Xiron's General Store.
 21465 | D:12     | You fall through a shaft for 2 floors!
 21467 | D:14     | Found the +4 moon troll leather armour {Spirit, Regen++
                  | MP+5}
 22494 | D:13     | Reached XP level 15. HP: 109/109 MP: 28/28
 22705 | D:13     | Noticed Azrael
 22716 | D:13     | Killed Azrael
 22716 | D:13     | Reached skill level 10 in Throwing
 22716 | D:13     | Reached skill level 10 in Evocations
 22738 | D:13     | Found a snail-covered altar of Cheibriados.
 23597 | D:13     | Identified a scroll of acquirement
 23814 | D:14     | Found Afoafa's Assorted Antiques.
 23854 | D:14     | Cast into level 2 of the Abyss (a wizard)
 24160 | Abyss:2  | Noticed a tentacled starspawn
 24209 | D:14     | Escaped the Abyss
 24631 | D:14     | Got a fine plate armour
 24633 | D:14     | Found a gate to the Vaults.
 24856 | D:14     | Reached skill level 10 in Short Blades
 24856 | D:14     | Reached skill level 10 in Long Blades
 24856 | D:14     | Reached skill level 10 in Axes
 24856 | D:14     | Reached skill level 10 in Maces & Flails
 24856 | D:14     | Reached skill level 10 in Polearms
 24856 | D:14     | Reached skill level 10 in Staves
 24856 | D:14     | Reached skill level 10 in Slings
 24856 | D:14     | Reached skill level 10 in Bows
 24856 | D:14     | Reached skill level 10 in Dodging
 24856 | D:14     | Reached skill level 10 in Stealth
 24856 | D:14     | Reached skill level 10 in Shields
 24856 | D:14     | Reached skill level 10 in Unarmed Combat
 24856 | D:14     | Reached skill level 10 in Spellcasting
 24924 | D:15     | Entered Level 15 of the Dungeon
 25161 | D:15     | Found a staircase to the Depths.
 26066 | D:15     | Identified the cursed +1 plate armour of the Lost Path {MR+
                  | Dex+4} (You found it on level 14 of the Dungeon)
 26574 | Swamp:1  | Entered Level 1 of the Swamp
 26913 | Swamp:1  | Reached XP level 16. HP: 109/116 MP: 30/30
 30055 | Swamp:4  | Entered Level 4 of the Swamp
 31409 | Swamp:4  | Reached XP level 17. HP: 64/123 MP: 17/32
 31843 | Swamp:4  | Got a decaying rune of Zot
 32197 | Spider:1 | Entered Level 1 of the Spider Nest
 34203 | Spider:2 | Noticed Jorgrun
 34214 | Spider:2 | Killed Jorgrun
 34417 | Spider:2 | Noticed Kirke
 34648 | Spider:2 | Killed Kirke
 36973 | Spider:4 | Entered Level 4 of the Spider Nest
 37286 | Spider:4 | Noticed Arachne
 37455 | Spider:3 | Killed Arachne
 37914 | Spider:4 | Reached skill level 10 in Hexes
 37914 | Spider:4 | Reached skill level 10 in Charms
 37914 | Spider:4 | Reached skill level 10 in Summonings
 37914 | Spider:4 | Reached skill level 10 in Translocations
 37914 | Spider:4 | Reached skill level 10 in Transmutations
 37914 | Spider:4 | Reached skill level 10 in Fire Magic
 37914 | Spider:4 | Reached skill level 10 in Ice Magic
 37914 | Spider:4 | Reached skill level 10 in Air Magic
 37914 | Spider:4 | Reached skill level 10 in Poison Magic
 38227 | Spider:4 | Reached XP level 18. HP: 88/130 MP: 21/33
 39001 | Spider:4 | Paralysed by a hornet for 2 turns
 39386 | Spider:4 | Got a gossamer rune of Zot
 39689 | Vaults:1 | Entered Level 1 of the Vaults
 41699 | Vaults:1 | Found Pibeacad's General Store.
 41807 | Vaults:1 | Noticed a Tzitzimitl
 41873 | Vaults:1 | Reached XP level 19. HP: 80/137 MP: 14/35
 42478 | Vaults:2 | Paralysed by an ogre mage for 3 turns
 42789 | Vaults:2 | Found a magical portal.
 42798 | WizLab   | Entered Cigotuvi's Fleshworks
 43285 | Vaults:2 | Paralysed by a great orb of eyes for 6 turns
 44355 | Vaults:3 | Found a staircase to the Crypt.
 44355 | Vaults:3 | Found a basalt altar of Yredelemnul.
 44356 | Vaults:3 | Found an ancient bone altar of Kikubaaqudgha.
 44612 | Vaults:3 | Found Tiywno Pume's Jewellery Boutique.
 45341 | Vaults:3 | Reached XP level 20. HP: 106/144 MP: 30/36
 45352 | Vaults:3 | Reached skill level 15 in Fighting
 45655 | Vaults:3 | Got a shimmering ring mail
 45706 | Vaults:3 | Identified the +1 ring mail of Gabbur {rElec} (You found it
                  | on level 3 of the Vaults)
 46307 | Vaults:3 | Paralysed by an ogre mage for 2 turns
 46742 | Vaults:4 | Noticed a Brimstone Fiend
 47226 | Vaults:4 | Found Exidatol's Assorted Antiques.
 49323 | Depths:1 | Entered Level 1 of the Depths
 49324 | Depths:1 | Noticed Sojobo
 49468 | D:15     | Killed Sojobo
 49613 | Depths:1 | Noticed Asterion
 49704 | Depths:1 | Killed Asterion
 49704 | Depths:1 | Reached XP level 21. HP: 75/152 MP: 15/38
 50094 | Depths:1 | Identified the +4 faerie dragon scales {rElec rCorr MP+1
                  | Dex+2 Stlth+}
 50094 | Depths:1 | Noticed the Enchantress
 50362 | D:15     | Killed the Enchantress
 50490 | Depths:1 | Found a corrupted altar of Lugonu.
 51043 | Depths:1 | Found Diephiz's Food Shop.
 51068 | Depths:1 | Found Olaneil's Jewellery Boutique.
 51070 | Depths:1 | Found Tunaegg's Antique Weapon Shop.
 51083 | Depths:1 | Found a one-way gate leading to the halls of Pandemonium.
 51812 | Depths:2 | Identified the cursed +1 robe "Rocsuf" {*Contam rF+ Dex+4}
 51812 | Depths:2 | Identified the ring "Zueddibbi" {rElec MR- MP+9 Str+7 SInv}
 51816 | Depths:2 | Cast into level 3 of the Abyss (a deep elf sorcerer)
 51978 | Abyss:3  | Found an iron altar of Okawaru.
 52143 | Abyss:3  | Reached skill level 15 in Invocations
 52319 | Depths:2 | Escaped the Abyss
 52879 | Depths:2 | Reached XP level 22. HP: 60/159 MP: 14/40
 52925 | Depths:2 | Mangled by an ettin

Vault maps used:
D:1:      ncdulo_halloftheorcs, glass_columns_b
D:2:      minmay_tromino_mix6, uniq_jessica, uniq_terence
D:3:      marbit_many_paths, chequers_ecumenical_altar_simple
D:4:      grunt_temple_overflow_forces_of_nature, nicolae_tso_carved_into_rock,
          minitemple, minmay_temple_entry_antechambers, first_ration,
          chequers_serial_rivers_small_b, uniq_duvessa, uniq_edmund, uniq_pikel
D:6:      serial_column_ruins, column_ruins_hut, column_ruins_columns_straight,
          column_ruins_columns_straight, column_ruins_columns_T,
          column_ruins_grid_3, column_ruins_grid_2, roderic_batcave,
          uniq_eustachio
D:7:      lemuel_doored_altar, eino_jars
D:8:      lair_entry_dummy, hangedman_pestilent_swarm,
          minmay_fractal_squares_diagonal_5
D:9:      serial_shops, nicolae_shop_crystal, serial_bayou_pond_e,
          minmay_misc_feat_square
D:10:     serial_shops, shop, st_stairs_9, minmay_misc_feat_tower,
          chequers_jeans, uniq_erica, uniq_josephine
D:11:     david_orc_2, uniq_harold
D:12:     serial_shops, shop, gauntlet_entry_generic, kennysheep_generic_room_7
D:13:     basic_altar, minmay_between, uniq_azrael
D:14:     ximxim_vaults_locker_room, serial_shops,
          nicolae_shop_temple_entry_statues_fountains,
          portal_ice_cave_entry_animals_and_master, chequers_avenue
D:15:     hangedman_depths_entry_civil_slaughter, ebering_dispersal_statue_hall,
          lemuel_flame_loot_1
Temple:   oiseaux_autumnal_temple
Lair:1:   wad_woods_tower
Lair:2:   skrybe_swamp_entry_bodies, fungi_pond_lemuel, grunt_megastairs_1,
          lemuel_fruit_fields
Lair:3:   nicolae_spider_entry_orb_guardian, ebering_ghost_funeral_grove,
          chequers_serial_rivers_small_a, uniq_fannar
Lair:4:   beast_lair_carwin_large_1, gammafunk_ghost_ooze, minmay_holes
Lair:5:   special_room, serial_forest, infiniplex_forest_lined_1,
          infiniplex_forest_zigzag_1, infiniplex_forest_end_2,
          infiniplex_forest_lined_3, infiniplex_forest_lined_room_3,
          infiniplex_forest_clump_tiny, infiniplex_forest_lined_room_3,
          infiniplex_forest_side_room, serial_bayou_pond_d, uniq_snorg
Lair:6:   evil_forest, dpeg_slime_entry_corner, small_statue_intersection
Swamp:1:  nicolae_swamp_feature_on_the_river_bank
Swamp:2:  evilmike_swamp_ruin_house_5, hangedman_swamp_diagram
Swamp:3:  hangedman_swamp_ruin_wall
Swamp:4:  swamp
Spider:2: uniq_jorgrun, uniq_kirke
Spider:4: spider_rune_water, nicolae_spider_circle_web, spider_trap,
          uniq_arachne
Vaults:1: v_misc_25, ontoclasm_vaults_shuriken, nicolae_vaults_asterisk,
          dpeg_vaults_monster_box, v_pattern_5, grunt_vaults_hallway_short,
          serial_shops, shop
Vaults:2: nicolae_vaults_circle_grid_a, nicolae_vaults_shelves_hall, v_misc_8,
          hangedman_vaults_snaps, nicolae_vaults_little_squares_1,
          vaults_room_door_hall, grunt_vaults_hallway_short, v_misc_24,
          vaults_room_ringed_pool, v_alt_pattern_2,
          ontoclasm_vaults_decontamination, mu_enter_wizlab_5
Vaults:3: v_pattern_1, minmay_crypt_entry_necro_gods, v_misc_14,
          hangedman_vaults_stream, nicolae_vaults_little_squares_4,
          grunt_vaults_hallway_short, grunt_vaults_focal,
          nicolae_vaults_minivaults, hangedman_vaults_slice,
          ontoclasm_vaults_eye, nicolae_vaults_ninety_degrees,
          vaults_room_door_ring, serial_shops, shop_statue
Vaults:4: ontoclasm_vaults_shout, v_misc_19, v_alt_pattern_1,
          nicolae_vaults_network_square, ontoclasm_vaults_bender, v_misc_11,
          vaults_room_large_hall, vaults_mumra_lcd, v_alt_pattern_2,
          vaults_room_corners, nicolae_vaults_big_angled_halls,
          nicolae_vaults_gold_heap, nicolae_vaults_little_squares_6,
          serial_shops, nicolae_shop_stone
Depths:1: hangedman_abyss_or_decor_jellyfish_corner, pan_entry,
          lightli_too_deep, tgw_lugonu_bribe, kennysheep_random_hallway,
          minmay_shop_star, uniq_enchantress, uniq_sojobo, uniq_asterion
Depths:2: minmay_the_grid_ultimate, hell_entry
Abyss:2:  evilmike_abyss_exit_5
Abyss:3:  doesnt_abyss_rune_brain_food
WizLab:   wizlab_cigotuvi

Skill      XL: |  1  2  3  4  5  6  7  8  9 10 11 12 13 14 15 16 17 18 19 20 21 |
---------------+----------------------------------------------------------------+-----
Invocations    | 1 2 3 4 5 6 7 8 9 10 11 12 13 14 15 | 15.2
Short Blades   | 1 2 3 4 5 6 7 8 9 10 11 12 13 14 | 14.1
Long Blades    | 1 2 3 4 5 6 7 8 9 10 11 12 13 14 | 14.1
Axes           | 1 2 3 4 5 6 7 8 9 10 11 12 13 14 | 14.1
Maces & Flails | 1 2 3 4 5 6 7 8 9 10 11 12 13 14 | 14.1
Polearms       | 1 2 3 4 5 6 7 8 9 10 11 12 13 14 | 14.1
Staves         | 1 2 3 4 5 6 7 8 9 10 11 12 13 14 | 14.1
Slings         | 1 2 3 4 5 6 7 8 9 10 11 12 13 14 | 14.1
Bows           | 1 2 3 4 5 6 7 8 9 10 11 12 13 14 | 14.1
Dodging        | 1 2 3 4 5 6 7 8 9 10 11 12 13 14 | 14.1
Stealth        | 1 2 3 4 5 6 7 8 9 10 11 12 13 14 | 14.1
Shields        | 1 2 3 4 5 6 7 8 9 10 11 12 13 14 | 14.1
Unarmed Combat | 1 2 3 4 5 6 7 8 9 10 11 12 13 14 | 14.1
Spellcasting   | 1 2 3 4 5 6 7 8 9 10 11 12 13 14 | 14.1
Hexes          | 1 2 3 4 5 6 7 8 9 10 11 12 | 12.1
Charms         | 1 2 3 4 5 6 7 8 9 10 11 12 | 12.1
Summonings     | 1 2 3 4 5 6 7 8 9 10 11 12 | 12.1
Translocations | 1 2 3 4 5 6 7 8 9 10 11 12 | 12.1
Transmutations | 1 2 3 4 5 6 7 8 9 10 11 12 | 12.1
Fire Magic     | 1 2 3 4 5 6 7 8 9 10 11 12 | 12.1
Ice Magic      | 1 2 3 4 5 6 7 8 9 10 11 12 | 12.1
Air Magic      | 1 2 3 4 5 6 7 8 9 10 11 12 | 12.1
Poison Magic   | 1 2 3 4 5 6 7 8 9 10 11 12 | 12.1
Throwing       | 3 4 5 6 7 8 9 10 11 12 13 14 | 14.3
Evocations     | 3 4 5 6 7 8 9 10 11 12 13 14 | 14.3
Crossbows      | 5 6 7 8 9 10 11 12 13 14 | 14.7
Armour         | 5 6 7 8 9 10 11 12 13 14 | 14.7
Fighting       | 9 10 11 12 13 14 15 | 15.9

Action                   |  1- 3 |  4- 6 |  7- 9 | 10-12 | 13-15 | 16-18 | 19-21 | 22-24 || total
-------------------------+-------+-------+-------+-------+-------+-------+-------+-------++-------
Melee: Mace              |    45 |    63 |       |       |       |       |       |       ||   108
       Bite              |     6 |     7 |    10 |    40 |   234 |   194 |   330 |     5 ||   826
       Punch             |       |     1 |       |     1 |       |       |       |       ||     2
       Whip              |       |       |    94 |    92 |       |       |       |       ||   186
       Scimitar          |       |       |       |   165 |  1193 |  1109 |  1092 |       ||  3559
       Hand crossbow     |       |       |       |       |       |     2 |       |       ||     2
       Demon blade       |       |       |       |       |       |       |   570 |    18 ||   588
 Fire: Hand crossbow     |    44 |    23 |   208 |   600 |   179 |   983 |   381 |       ||  2418
 Cast: Tukima's Dance    |       |       |     1 |     3 |       |       |     2 |       ||     6
       Blink             |       |       |       |     1 |       |       |       |       ||     1
Invok: Sacrifice Arcana  |       |     1 |       |       |       |       |       |       ||     1
       Sacrifice Courage |       |       |     1 |       |       |       |       |       ||     1
       Draw Out Power    |       |       |     1 |     2 |     5 |    15 |    16 |     1 ||    40
       Sacrifice Health  |       |       |     1 |     1 |       |       |       |       ||     2
       Sacrifice Love    |       |       |       |     1 |       |       |       |       ||     1
       Apocalypse        |       |       |       |       |     3 |     5 |     3 |       ||    11
       Power Leap        |       |       |       |       |     1 |     1 |     2 |       ||     4
Evoke: Wand              |       |       |     3 |     7 |     8 |    14 |     9 |       ||    41
       Lamp of fire      |       |       |       |       |       |     4 |     9 |       ||    13
  Use: Potion            |     1 |       |       |     2 |     1 |     6 |    12 |       ||    22
       Scroll            |       |     4 |     9 |    19 |    10 |    22 |    17 |       ||    81
 Stab: Sleeping          |       |     1 |     1 |     3 |    27 |    17 |    22 |       ||    71
       Distracted        |       |     1 |       |     5 |    16 |    11 |    16 |       ||    49
       Invisible         |       |       |     5 |     6 |    13 |    24 |    20 |       ||    68
       Paralysed         |       |       |       |     5 |    15 |     7 |    17 |       ||    44
       Confused          |       |       |       |       |       |     2 |       |       ||     2
  Eat: Chunk             |       |     4 |    11 |    20 |    24 |    20 |    23 |       ||   102
       Ration            |       |       |     1 |     2 |     5 |     8 |     5 |       ||    21
Armor: Ring mail         |    36 |    10 |    95 |   131 |    15 |       |       |       ||   287
       Chain mail        |       |    33 |    12 |       |       |       |       |       ||    45
       Troll leather arm |       |       |       |       |   230 |   434 |   312 |       ||   976
       Swamp dragon scal |       |       |       |       |       |   211 |       |       ||   211
       Skin              |       |       |       |       |       |    20 |       |       ||    20
Dodge: Dodged            |    45 |    46 |   120 |   175 |   478 |   964 |   735 |     4 ||  2567
Block: Buckler           |       |       |       |   185 |   643 |   845 |   609 |     6 ||  2288
       Reflection        |       |       |       |     2 |    30 |    26 |    40 |       ||    98
       Rpst.: Scimitar   |       |       |       |    16 |   118 |   110 |    76 |       ||   320
       Demon blade       |       |       |       |       |       |       |    31 |       ||    31

Table legend:
 A = Non-vault XP
 B = Vault XP
 C = Vault XP percentage of total XP
 D = Non-vault monster count
 E = Vault monster count
 F = Vault count percentage of total count
                 A         B        C        D         E       F
            +---------+---------+-------+---------+---------+-------
      Total |  390382 |  209109 |  34.9 |    1118 |     365 |  24.6
            +---------+---------+-------+---------+---------+-------
        D:1 |      50 |       0 |   0.0 |      23 |       0 |   0.0
        D:2 |      25 |      88 |  77.9 |       9 |       5 |  35.7
        D:3 |     174 |     653 |  79.0 |      17 |       2 |  10.5
        D:4 |     214 |     383 |  64.2 |       9 |       3 |  25.0
        D:5 |     280 |       0 |   0.0 |      14 |       0 |   0.0
        D:6 |    1727 |     210 |  10.8 |      35 |      10 |  22.2
        D:7 |     684 |     568 |  45.4 |      18 |       9 |  33.3
        D:8 |    1219 |    1271 |  51.0 |      27 |      12 |  30.8
        D:9 |    1219 |       0 |   0.0 |      16 |       0 |   0.0
       D:10 |    1123 |    3239 |  74.3 |      15 |       8 |  34.8
       D:11 |    5804 |     281 |   4.6 |      37 |       7 |  15.9
       D:12 |    6354 |     796 |  11.1 |      25 |       4 |  13.8
       D:13 |    8117 |    4011 |  33.1 |      40 |      10 |  20.0
       D:14 |   13379 |    3766 |  22.0 |      42 |      14 |  25.0
       D:15 |   14229 |   29130 |  67.2 |      40 |      20 |  33.3
     Lair:1 |    8459 |    1424 |  14.4 |      36 |       6 |  14.3
     Lair:2 |    1949 |     961 |  33.0 |       7 |       4 |  36.4
     Lair:3 |    6619 |    4110 |  38.3 |      21 |       7 |  25.0
     Lair:4 |    3669 |     404 |   9.9 |      17 |       2 |  10.5
     Lair:5 |    4892 |    6738 |  57.9 |      24 |      25 |  51.0
     Lair:6 |    4660 |    8828 |  65.5 |      25 |      26 |  51.0
    Swamp:1 |    8998 |       0 |   0.0 |      23 |       0 |   0.0
    Swamp:2 |   11975 |       0 |   0.0 |      40 |       0 |   0.0
    Swamp:3 |   16171 |       0 |   0.0 |      39 |       0 |   0.0
    Swamp:4 |    9017 |   14528 |  61.7 |      31 |      24 |  43.6
   Spider:1 |   12635 |       0 |   0.0 |      43 |       0 |   0.0
   Spider:2 |    8936 |    4095 |  31.4 |      16 |       2 |  11.1
   Spider:3 |   16397 |    3720 |  18.5 |      43 |       1 |   2.3
   Spider:4 |   13146 |   18462 |  58.4 |      37 |      38 |  50.7
   Vaults:1 |   52304 |    7176 |  12.1 |      81 |       8 |   9.0
   Vaults:2 |   29568 |    5948 |  16.7 |      56 |      13 |  18.8
   Vaults:3 |   44441 |   20492 |  31.6 |      85 |      35 |  29.2
   Vaults:4 |   43750 |    5728 |  11.6 |      66 |       9 |  12.0
   Depths:1 |   20686 |   11522 |  35.8 |      27 |      11 |  28.9
   Depths:2 |       0 |   47949 | 100.0 |       0 |      44 | 100.0
    Abyss:2 |    1941 |       0 |   0.0 |       3 |       0 |   0.0
    Abyss:3 |   15571 |       0 |   0.0 |      31 |       0 |   0.0
     WizLab |       0 |    2628 | 100.0 |       0 |       6 | 100.0
            +---------+---------+-------+---------+---------+-------
